 Dungeon Crawl Stone Soup version 0.23.2-40-g277498a (webtiles) character file.

Game seed: 12290559835476715690

121 Fang the Skirmisher (level 5, 0/49 HPs)
             Began as a Gargoyle Berserker on Oct 21, 2019.
             Was a Follower of Trog.
             Slain by an adder (4 damage)
             ... on level 2 of the Dungeon.
             The game lasted 00:01:53 (1088 turns).

Fang the Skirmisher (Gargoyle Berserker)            Turns: 1088, Time: 00:01:54

Health: 0/49       AC:  0    Str: 27    XL:     5   Next: 5%
Magic:  5/5        EV: 20    Int:  7    God:    Trog [*.....]
Gold:   34         SH:  0    Dex: 14    Spells: 4/4 levels left

rFire    . . .     SeeInvis .   (weapon currently unavailable)
rCold    . . .     Gourm    .   (shield currently unavailable)
rNeg     + . .     Faith    .   (armour currently unavailable)
rPois    ∞         Spirit   .   (helmet currently unavailable)
rElec    .         Reflect  .   (cloak currently unavailable)
rCorr    .         Harm     .   (gloves currently unavailable)
MR       .....                  (boots currently unavailable)
Stlth    ..........             (no amulet)
HPRegen  0.16/turn              (ring currently unavailable)
MPRegen  0.09/turn              (ring currently unavailable)

@: berserking, bat-form, flying, slowed, very quick
A: tiny, negative energy resistance 1, petrification resistance, rot immunity,
AC +4
a: Berserk, Renounce Religion


You were on level 2 of the Dungeon.
You worshipped Trog.
Trog was aware of your devotion.
You were very hungry.
You were in bat-form.
You visited 1 branch of the dungeon, and saw 2 of its levels.

You collected 34 gold pieces.

Inventory:

Hand Weapons
 a - a +0 hand axe (melded)
Armour
 b - a +0 animal skin (melded)
Scrolls
 e - a scroll of remove curse {unknown}
 f - a scroll of amnesia {unknown}
Potions
 g - a potion of berserk rage {unknown}
Comestibles
 c - 2 rations


   Skills:
 + Level 4.1 Fighting
 + Level 3.4 Axes
 + Level 3.3 Armour
 + Level 2.4 Dodging


You had 4 spell levels left.
You didn't know any spells.
Your spell library was empty.

Dungeon Overview and Level Annotations

Branches:
Dungeon (2/15)

Altars:


Innate Abilities, Weirdness & Mutations

You are resistant to torment.
((Your stone body is resilient. (AC +4)))
You are immune to poison.
You resist negative energy. (rN+)
((You are resistant to electric shocks. (rElec)))
((You can survive without breathing.))
You are immune to petrification.
You are immune to rotting.


Message History

The crimson imp barely misses you. The adder closely misses you.
The crimson imp misses you. Natasha misses you.
You hit Natasha.
Natasha is almost dead.
The adder bites you.
* * * LOW HITPOINT WARNING * * *
The crimson imp hits you.
* * * LOW HITPOINT WARNING * * *
The crimson imp closely misses you.
You hit Natasha.
You kill Natasha!
Trog accepts your kill.
Trog appreciates your killing of a magic user.
You feel Natasha's spirit has finally been put to rest.
The crimson imp disappears in a puff of smoke! x2
You have reached level 5!
The adder bites you.
* * * LOW HITPOINT WARNING * * *
You miss the adder. The adder bites you.
You die...

... . .... #.. .... #..
##..... #..########.#.#.#
#.##.....##........##
#.#...........)......
#...........§S/...#
#............b§...#
..................#
#.................#
#.................# .
##................# ..
##........(......##...
##.....##.....#......
#......###..........
#######..............#....


You could see an adder.

Vanquished Creatures
  Natasha (thrice) (D:2)
  Terence (D:2)
  A leopard gecko (D:2)
  A giant cockroach (D:1)
  2 goblins (D:1)
  3 hobgoblins
  6 kobolds (D:1)
  3 bats (D:1)
  A frilled lizard (D:2)
  A rat (D:2)
22 creatures vanquished.

Notes
Turn   | Place    | Note
-------+----------+-------------------------------------------
     0 | D:1      | Fang the Gargoyle Berserker began the quest for the Orb.
     0 | D:1      | Reached XP level 1. HP: 14/14 MP: 1/1
   356 | D:1      | Reached XP level 2. HP: 19/19 MP: 2/2
   945 | D:2      | Noticed Natasha
   951 | D:2      | Killed Natasha
   951 | D:2      | Reached XP level 3. HP: 24/24 MP: 3/3
   991 | D:2      | Noticed Natasha
  1003 | D:2      | Killed Natasha
  1003 | D:2      | Reached XP level 4. HP: 29/29 MP: 4/4
  1027 | D:2      | Noticed Terence
  1044 | D:2      | Killed Terence
  1044 | D:2      | Reached skill level 4 in Fighting
  1072 | D:2      | Noticed Natasha
  1087 | D:2      | Killed Natasha
  1087 | D:2      | Reached XP level 5. HP: 5/33 MP: 5/5
  1088 | D:2      | Slain by an adder

Skill      XL: |  1  2  3  4 |
---------------+-------------+-----
Axes           | 3 |  3.4
Dodging        | 2 |  2.4
Armour         | 3 |  3.3
Fighting       | 4 |  4.1

Action                   |  1- 3 |  4- 6 || total
-------------------------+-------+-------++-------
Melee: Hand axe          |    71 |    21 ||    92
       Unarmed           |     6 |     5 ||    11
Invok: Berserk           |     2 |     1 ||     3
  Eat: Chunk             |     1 |     1 ||     2
Armor: Animal skin       |    15 |     8 ||    23
Dodge: Dodged            |    45 |    27 ||    72
